| TOP OF THE 1ST |
|
Everett AquaSox batting - Pitching for Vermont Lake Monsters : LHP David Noffsinger
|
|
Pitching: LHP David Noffsinger
|
|
|
Batting: SHB Raghnall Ahearne
|
0-0: Ball 1-0: Swinging Strike 1-1: Ball 2-1: Ground out 4-3 (Groundball, 34, EV 85.6 MPH)
|
|
Batting: SHB Detlef Oursler
|
0-0: Ball 1-0: Foul Ball, location: 2F 1-1: Called Strike 1-2: Strikes out swinging
|
|
Batting: RHB Robby Cuellar
|
0-0: Called Strike 0-1: Foul Ball, location: 2F 0-2: Strikes out swinging
|
| Top of the 1st over - 0 runs, 0 hits, 0 errors, 0 left on base; Everett 0 - Vermont 0 |
| BOTTOM OF THE 1ST |
|
Vermont Lake Monsters batting - Pitching for Everett AquaSox : RHP Robby Reyna
|
|
Pitching: RHP Robby Reyna
|
|
|
Batting: RHB Carlos Martinez
|
0-0: Fly out, F9 (Flyball, 9S, EV 86.9 MPH)
|
|
Batting: RHB Lu Tieh
|
0-0: Ball 1-0: Foul Ball, location: 2F 1-1: Called Strike 1-2: Ground out 6-3 (Groundball, 56, EV 87.5 MPH)
|
|
Batting: LHB Cy Ostrowski
|
0-0: Foul Ball, location: 2F 0-1: Fly out, F7 (Line Drive, 7, EV 93.1 MPH)
|
| Bottom of the 1st over - 0 runs, 0 hits, 0 errors, 0 left on base; Everett 0 - Vermont 0 |
| TOP OF THE 2ND |
|
Everett AquaSox batting - Pitching for Vermont Lake Monsters : LHP David Noffsinger
|
|
Batting: RHB Justin Colella
|
0-0: Foul Ball, location: 2F 0-1: Ground out 1-3 (Groundball, 13S, EV 65.6 MPH)
|
|
Batting: RHB Clay Statum
|
0-0: Called Strike 0-1: Called Strike 0-2: Ball 1-2: Foul Ball, location: 2F 1-2: Foul Ball, location: 2F 1-2: Ground out 4-3 (Groundball, 4, EV 78.1 MPH)
|
|
Batting: LHB Omar Colunga
|
0-0: Fly out, F6 (Line Drive, 6, EV 75.0 MPH)
|
| Top of the 2nd over - 0 runs, 0 hits, 0 errors, 0 left on base; Everett 0 - Vermont 0 |
| BOTTOM OF THE 2ND |
|
Vermont Lake Monsters batting - Pitching for Everett AquaSox : RHP Robby Reyna
|
|
Batting: LHB Oscar Rodriguez
|
0-0: Ball 1-0: Ball 2-0: Ball 3-0: Base on Balls
|
|
Batting: LHB Jose Zamarripa
|
0-0: Ball 1-0: Called Strike 1-1: Called Strike 1-2: Foul Ball, location: 2F 1-2: Ball 2-2: Grounds into double play, 6-4-3 (Groundball, 6S, EV 78.1 MPH)
|
|
Batting: LHB Youp van Erp
|
0-0: Foul Ball, location: 2F 0-1: Called Strike 0-2: Ball 1-2: Ball 2-2: Foul Ball, location: 2F 2-2: Strikes out swinging
|
| Bottom of the 2nd over - 0 runs, 0 hits, 0 errors, 0 left on base; Everett 0 - Vermont 0 |
| TOP OF THE 3RD |
|
Everett AquaSox batting - Pitching for Vermont Lake Monsters : LHP David Noffsinger
|
|
Batting: RHB Chris Van Niel
|
0-0: Swinging Strike 0-1: Ball 1-1: Called Strike 1-2: Strikes out looking
|
|
Pitching: RHP Jesus Moreno
|
|
|
Batting: SHB Ryan Clark
|
0-0: Called Strike 0-1: Swinging Strike 0-2: Strikes out swinging
|
|
Batting: RHB Omar Solis
|
0-0: Ball 1-0: Foul Ball, location: 2F 1-1: Foul Ball, location: 2F 1-2: SINGLE (Groundball, 56D, EV 102.5 MPH) (infield hit)
|
|
Batting: SHB Raghnall Ahearne
|
0-0: Ball 1-0: Called Strike Omar Solis is caught stealing 2nd base 2-6
|
| Top of the 3rd over - 0 runs, 1 hit, 0 errors, 0 left on base; Everett 0 - Vermont 0 |
| BOTTOM OF THE 3RD |
|
Vermont Lake Monsters batting - Pitching for Everett AquaSox : RHP Robby Reyna
|
|
Batting: LHB Mario Cardona
|
0-0: Foul Ball, location: 2F 0-1: Ball 1-1: Called Strike 1-2: Foul Ball, location: 2RF, Error on foul ball, E2 1-2: Ball 2-2: Ball 3-2: Base on Balls
|
|
Batting: RHB Yasuzo Rin
|
0-0: Ball 1-0: Ball 2-0: Called Strike 2-1: Foul Ball, location: 2F 2-2: Strikes out swinging
|
|
Batting: RHB Oscar Avila
|
0-0: Swinging Strike 0-1: Ball 1-1: Ball 2-1: Foul Ball, location: 2F 2-2: Ball 3-2: Foul Ball, location: 2F 3-2: Base on Balls Mario Cardona to second
|
|
Batting: RHB Carlos Martinez
|
0-0: Called Strike 0-1: Ball 1-1: Swinging Strike 1-2: Grounds into double play, 6-4-3 (Groundball, 6, EV 90.6 MPH)
|
| Bottom of the 3rd over - 0 runs, 0 hits, 1 error, 1 left on base; Everett 0 - Vermont 0 |
| TOP OF THE 4TH |
|
Everett AquaSox batting - Pitching for Vermont Lake Monsters : RHP Jesus Moreno
|
|
Batting: SHB Raghnall Ahearne
|
0-0: Swinging Strike 0-1: Ball 1-1: Foul Ball, location: 2F 1-2: Strikes out swinging
|
|
Batting: SHB Detlef Oursler
|
0-0: Ball 1-0: Ball 2-0: Bunt for hit to 13 - play at first, batter safe!
|
|
Batting: RHB Robby Cuellar
|
0-0: Ball Detlef Oursler steals 2nd base 1-0: Ball Detlef Oursler steals 3rd base 2-0: Fly out, F8 (Line Drive, 8LD, EV 94.4 MPH) Runner from 3rd tags up, SCORES, no throw by CF
|
|
Batting: RHB Justin Colella
|
0-0: Called Strike 0-1: Ball 1-1: Called Strike 1-2: Strikes out looking
|
| Top of the 4th over - 1 run, 1 hit, 0 errors, 0 left on base; Everett 1 - Vermont 0 |
| BOTTOM OF THE 4TH |
|
Vermont Lake Monsters batting - Pitching for Everett AquaSox : RHP Robby Reyna
|
|
Batting: RHB Lu Tieh
|
0-0: Fly out, F6 (Popup, 6M, EV 65.6 MPH)
|
|
Batting: LHB Cy Ostrowski
|
0-0: Ball 1-0: Ball 2-0: Ball 3-0: Called Strike 3-1: Base on Balls
|
|
Batting: LHB Oscar Rodriguez
|
0-0: Ball 1-0: Ball 2-0: Called Strike 2-1: Ball 3-1: Base on Balls Cy Ostrowski to second
|
|
Batting: LHB Jose Zamarripa
|
0-0: Called Strike 0-1: Swinging Strike 0-2: Ball 1-2: Fielders Choice at 2nd, 6-4 (Groundball, 6M, EV 85.0 MPH) Cy Ostrowski to third
|
|
Batting: LHB Youp van Erp
|
0-0: Ball 1-0: Called Strike 1-1: Called Strike 1-2: SINGLE (Groundball, 6MD, EV 100.0 MPH) Cy Ostrowski scores Jose Zamarripa to second Runner from 2nd tries for 3rd, OUT! 8-5
|
| Bottom of the 4th over - 1 run, 1 hit, 0 errors, 1 left on base; Everett 1 - Vermont 1 |
| TOP OF THE 5TH |
|
Everett AquaSox batting - Pitching for Vermont Lake Monsters : RHP Jesus Moreno
|
|
Batting: RHB Clay Statum
|
0-0: Foul Ball, location: 2F 0-1: Ball 1-1: Foul Ball, location: 2F 1-2: Strikes out swinging
|
|
Batting: LHB Omar Colunga
|
0-0: Ball 1-0: Called Strike 1-1: Called Strike 1-2: Strikes out swinging
|
|
Batting: RHB Chris Van Niel
|
0-0: Ball 1-0: Swinging Strike 1-1: Ball 2-1: Foul Ball, location: 2F 2-2: Strikes out swinging, 2-3 out at first.
|
| Top of the 5th over - 0 runs, 0 hits, 0 errors, 0 left on base; Everett 1 - Vermont 1 |
| BOTTOM OF THE 5TH |
|
Vermont Lake Monsters batting - Pitching for Everett AquaSox : RHP Robby Reyna
|
|
Batting: LHB Mario Cardona
|
0-0: Foul Ball, location: 2F 0-1: Ball 1-1: SOLO HOME RUN (Flyball, 9D, EV 95.6 MPH), Distance : 372 ft
|
|
Batting: RHB Yasuzo Rin
|
0-0: Called Strike 0-1: Fly out, F8 (Flyball, 8RS, EV 78.1 MPH)
|
|
Batting: RHB Oscar Avila
|
0-0: Called Strike 0-1: Fly out, F9 (Flyball, 9LS, EV 86.2 MPH)
|
|
Batting: RHB Carlos Martinez
|
0-0: SINGLE (Line Drive, 3D, EV 95.0 MPH)
|
|
Batting: RHB Lu Tieh
|
0-0: Called Strike 0-1: Fly out, F3 (Popup, 3F, EV 66.2 MPH)
|
| Bottom of the 5th over - 1 run, 2 hits, 0 errors, 1 left on base; Everett 1 - Vermont 2 |
| TOP OF THE 6TH |
|
Everett AquaSox batting - Pitching for Vermont Lake Monsters : RHP Jesus Moreno
|
|
Batting: SHB Ryan Clark
|
0-0: Ball 1-0: Ball 2-0: Called Strike 2-1: Ball 3-1: Foul Ball, location: 2F 3-2: Strikes out looking
|
|
Batting: RHB Omar Solis
|
0-0: Called Strike 0-1: Fly out, F8 (Line Drive, 8LM, EV 90.6 MPH)
|
|
Batting: SHB Raghnall Ahearne
|
0-0: Foul Ball, location: 2F 0-1: Swinging Strike 0-2: Ball 1-2: Strikes out swinging
|
| Top of the 6th over - 0 runs, 0 hits, 0 errors, 0 left on base; Everett 1 - Vermont 2 |
| BOTTOM OF THE 6TH |
|
Vermont Lake Monsters batting - Pitching for Everett AquaSox : RHP Robby Reyna
|
|
Batting: LHB Cy Ostrowski
|
0-0: Ball 1-0: Swinging Strike 1-1: Fly out, F6 (Popup, 6, EV 61.2 MPH)
|
|
Batting: LHB Oscar Rodriguez
|
0-0: Ball 1-0: Fly out, F4 (Flyball, 34D, EV 92.5 MPH)
|
|
Batting: LHB Jose Zamarripa
|
0-0: Ball 1-0: Called Strike 1-1: SINGLE (Groundball, 4MD, EV 94.4 MPH)
|
|
Batting: LHB Youp van Erp
|
0-0: Ball 1-0: Ball 2-0: Ball 3-0: Called Strike 3-1: Base on Balls Jose Zamarripa to second
|
|
Pinch Runner at 2nd Luis Restrepo:
|
|
|
Batting: LHB Mario Cardona
|
0-0: Ball Wild Pitch! Luis Restrepo to third Youp van Erp to second 1-0: Ball 2-0: Foul Ball, location: 2F 2-1: Ball 3-1: Called Strike 3-2: SINGLE (Groundball, 4MD, EV 94.4 MPH) Luis Restrepo scores Youp van Erp to third Runner from 3rd tries for Home, SAFE, throw by CF to home
|
|
Batting: RHB Yasuzo Rin
|
0-0: Ball 1-0: Called Strike 1-1: Foul Ball, location: 2F 1-2: Ball 2-2: Ball 3-2: Strikes out swinging
|
| Bottom of the 6th over - 2 runs, 2 hits, 0 errors, 1 left on base; Everett 1 - Vermont 4 |
| TOP OF THE 7TH |
|
Everett AquaSox batting - Pitching for Vermont Lake Monsters : RHP Jesus Moreno
|
|
Pitching: RHP Terry Evans
|
|
|
Batting: SHB Detlef Oursler
|
0-0: Foul Ball, location: 2F 0-1: Foul Ball, location: 2F 0-2: Ball 1-2: Foul Ball, location: 2F 1-2: Strikes out looking
|
|
Batting: RHB Robby Cuellar
|
0-0: Swinging Strike 0-1: Ball 1-1: Called Strike 1-2: Strikes out swinging
|
|
Batting: RHB Justin Colella
|
0-0: Ball 1-0: Called Strike 1-1: Swinging Strike 1-2: Strikes out looking
|
| Top of the 7th over - 0 runs, 0 hits, 0 errors, 0 left on base; Everett 1 - Vermont 4 |
| BOTTOM OF THE 7TH |
|
Vermont Lake Monsters batting - Pitching for Everett AquaSox : RHP Robby Reyna
|
|
Pitching: LHP Ed Gilroy
|
|
|
Batting: RHB Oscar Avila
|
0-0: Swinging Strike 0-1: Ball 1-1: Ball 2-1: Swinging Strike 2-2: Ground out 5-3 (Groundball, 56S, EV 86.2 MPH)
|
|
Batting: RHB Carlos Martinez
|
0-0: Ball 1-0: Foul Ball, location: 2F 1-1: Fly out, F9 (Flyball, 9S, EV 84.4 MPH)
|
|
Batting: RHB Lu Tieh
|
0-0: Ball 1-0: Called Strike 1-1: Ball 2-1: Fly out, F8 (Flyball, 8RM, EV 91.2 MPH)
|
| Bottom of the 7th over - 0 runs, 0 hits, 0 errors, 0 left on base; Everett 1 - Vermont 4 |
| TOP OF THE 8TH |
|
Everett AquaSox batting - Pitching for Vermont Lake Monsters : RHP Terry Evans
|
|
Batting: RHB Clay Statum
|
0-0: Ball 1-0: Ball 2-0: Ground out U3 (Groundball, 3, EV 106.2 MPH)
|
|
Batting: LHB Omar Colunga
|
0-0: Called Strike 0-1: Foul Ball, location: 2F 0-2: Ground out 4-3 (Groundball, 4M, EV 86.2 MPH)
|
|
Batting: RHB Chris Van Niel
|
0-0: Called Strike 0-1: Ball 1-1: Ground out 4-3 (Groundball, 4, EV 78.1 MPH)
|
| Top of the 8th over - 0 runs, 0 hits, 0 errors, 0 left on base; Everett 1 - Vermont 4 |
| BOTTOM OF THE 8TH |
|
Vermont Lake Monsters batting - Pitching for Everett AquaSox : LHP Ed Gilroy
|
|
Pitching: RHP Jason Childress
|
|
|
Batting: LHB Cy Ostrowski
|
0-0: Ball 1-0: Called Strike 1-1: Ground out 3-1 (Groundball, 34, EV 96.9 MPH)
|
|
Batting: LHB Oscar Rodriguez
|
0-0: Foul Ball, location: 2F 0-1: Ground out 6-3 (Groundball, 4D, EV 85.0 MPH)
|
|
Batting: RHB Luis Restrepo
|
0-0: Ball 1-0: Fly out, F4 (Popup, 4S, EV 80.0 MPH)
|
| Bottom of the 8th over - 0 runs, 0 hits, 0 errors, 0 left on base; Everett 1 - Vermont 4 |
| TOP OF THE 9TH |
|
Everett AquaSox batting - Pitching for Vermont Lake Monsters : RHP Terry Evans
|
|
Pitching: LHP Dan Gatlin
|
|
|
Batting: SHB Ryan Clark
|
0-0: Swinging Strike 0-1: Ball 1-1: Foul Ball, location: 2F 1-2: Ball 2-2: Ball 3-2: Strikes out swinging
|
|
Batting: RHB Omar Solis
|
0-0: Ground out 4-3 (Groundball, 4M, EV 91.2 MPH)
|
|
Batting: SHB Raghnall Ahearne
|
0-0: Ball 1-0: Ball 2-0: Called Strike 2-1: Swinging Strike 2-2: Strikes out swinging
|
| Top of the 9th over - 0 runs, 0 hits, 0 errors, 0 left on base; Everett 1 - Vermont 4 |
|